 Dungeon Crawl Stone Soup version 0.31.0-11-ge490571c62 (webtiles) character file.

Game seed: 2173705454663829748

2026 Minsecho the Trooper (level 9, -2/138 HPs)
             Began as an Oni Gladiator on Feb 11, 2024.
             Slain by a wight
             ... wielding a +4 flail of freezing
              (14 damage)
             ... on level 6 of the Dungeon.
             The game lasted 00:12:22 (4721 turns).

Minsecho the Trooper (Oni Gladiator)                Turns: 4721, Time: 00:12:23

Health: -2/138     AC:  3    Str: 22    XL:     9   Next: 23%
Magic:  12/12      EV: 14    Int:  9    God:
Gold:   198        SH:  8    Dex: 12    Spells: 8/8 levels left

rFire   . . .        q - +7 Throatcutter {drain, coup de grace}
rCold   + . .        s - +0 kite shield
rNeg    . . .        b - +0 robe
rPois   .            c - melded +0 hat
rElec   .            (cloak currently unavailable)
rCorr   .            (gloves unavailable)
SInv    .            (boots unavailable)
Will    .....        o - amulet of regeneration Stlth
                     J - +5 ring of evasion
HPRegen 1.23/turn    E - ring of protection from cold
MPRegen 0.13/turn

%: no passive effects
@: berserking, beast-form, very quick
A: beast (slay +0), large, unfitting armour, horns 1, tough skin 1, double
potion healing, drunken brawling
a: Begin Untransformation


You were on level 6 of the Dungeon.
You were a hulking beast.
You visited 1 branch of the dungeon, and saw 6 of its levels.
You also visited: Ossuary.

You collected 325 gold pieces.
You spent 127 gold pieces at shops.

Inventory:

Hand Weapons
 a - a +0 flail
 q - the +7 Throatcutter (weapon) {drain, coup de grace}
   (You found it on level 3 of the Dungeon)
Missiles
 d - 2 throwing nets (quivered)
 e - a large rock
Armour
 b - a +0 robe (worn)
 c - a +0 hat (melded)
 s - a +0 kite shield (worn)
Magical Staves
 f - a staff of earth
Jewellery
 o - an amulet of regeneration (around neck)
 E - a ring of protection from cold (right hand)
 J - a +5 ring of evasion (left hand)
 L - an amulet of faith
Talismans
 I - a beast talisman (active)
Scrolls
 g - 2 scrolls of enchant weapon
 i - a scroll of enchant armour {unknown}
 j - 2 scrolls of blinking {unknown}
 m - a scroll of vulnerability {unknown}
 r - 3 scrolls of fear {unknown}
 t - 3 scrolls of immolation {unknown}
 u - 3 scrolls of teleportation {unknown}
 y - a scroll of brand weapon {unknown}
 B - a scroll of poison {unknown}
 C - a scroll of amnesia {unknown}
 G - a scroll of acquirement {unknown}
 H - a scroll of fog {unknown}
 K - a scroll of torment {unknown}
Potions
 h - a potion of might
 k - 2 potions of enlightenment
 l - 2 potions of magic
 n - 5 potions of curing
 p - a potion of invisibility
 v - a potion of mutation
 w - a potion of berserk rage
 x - a potion of brilliance
 z - a potion of attraction {unknown}
 A - a potion of resistance {unknown}
 D - a potion of heal wounds {unknown}
 F - a potion of haste


   Skills:
 * Level 6.6 Fighting
 * Level 6.4 Long Blades
 - Level 4.7 Maces & Flails
 + Level 2.4 Throwing
 + Level 4.2 Dodging
 * Level 3.0 Shields
 * Level 4.9 Invocations
 * Level 1.7 Shapeshifting


You had 8 spell levels left.
You didn't know any spells.
Your spell library contained the following spells:

 Spells                   Type           Power      Damage    Failure   Level
 Summon Small Mammal      Summ           0%         N/A       67%         1
 Call Canine Familiar     Summ           0%         N/A       95%         3
 Summon Blazeheart Golem  Fire/Summ      0%         N/A       100%        4


Dungeon Overview and Level Annotations

Branches:
Dungeon (6/15)            Ossuary (visited)
 Temple: D:4-7

Altars:

Shops:
D:3 *   D:6 *


Innate Abilities, Weirdness & Mutations

You are a hulking beast.
Your limbs bulge with bestial killing power. (Slay +0)
You are too large for most types of armour.
You have a pair of small horns on your head.
You have tough skin. (AC +1)
You gain doubled healing and magic from potions.
Whenever you drink a healing potion, you attack all around you.


Message History

You closely miss the wight.
The wight is heavily damaged.
The wight closely misses you. You block the wight's attack. x3
The wight hits you with a +4 short sword.
You are too injured to fight recklessly!
Okay, then.
Okay, then.
Unknown command.
You hit the wight. You headbutt the wight!
The wight is severely damaged.
You block the wight's attack.
The wight hits you with a +4 flail of freezing!
The wight freezes you.
A red film seems to cover your vision as you go berserk!
You feel yourself moving faster!
You feel mighty! The wight barely misses you.
The wight hits you with a +4 short sword.
You block the wight's attack.
You completely miss the wight.
The wight is severely damaged.
The wight closely misses you.
The wight hits you with a +4 flail of freezing!
* * * LOW HITPOINT WARNING * * *
The wight freezes you.
* * * LOW HITPOINT WARNING * * *
You block the wight's attack.
You hit the wight but do no damage.
The wight is severely damaged.
The wight hits you from afar with a +3 halberd!
* * * LOW HITPOINT WARNING * * *
You slice the wight!!
You destroy the wight!
The wight hits you with a +4 flail of freezing!
* * * LOW HITPOINT WARNING * * *
The wight freezes you.
* * * LOW HITPOINT WARNING * * *
The wight closely misses you.
You barely miss the wight.
The wight is heavily damaged.
The wight hits you with a +4 flail of freezing!
You die...

............#............#
............#....../.....#
............#............#
#+#####.######....>......#
###..##...##.....##
.......†# ?....# .......)#
....... .......)# ..[....
#..##..h# ....... #..
#..z).......
#........z~~~~.
.........8~~~~.
?..##+#...~~~~. ...
......... .. .........
.........


You could see 2 wights.

Vanquished Creatures
  Prince Ribbit (D:5)
  Sigmund (D:6)
  A wraith (D:5)
  A water moccasin (D:6)
  Duvessa (D:5)
  An ice beast (D:6)
  A phantom (D:5)
  2 kobold brigands (D:3)
  Blork the orc (D:6)
  2 scorpions (D:6)
  3 wights (D:6)
  Dowan (D:5)
  A bombardier beetle (D:4)
  2 spectral scorpions (Ossuary)
  An orc priest (D:5)
  A centaur skeleton (Ossuary)
  2 iguanas
  2 orc wizards (D:3)
  A crocodile zombie (Ossuary)
  10 mummies (Ossuary)
  4 gnolls (D:4)
  6 adders
  A shadow imp (D:5)
  A dart slug (D:3)
  A ribbon worm (D:2)
  18 orcs
  6 bats
  6 endoplasms
  2 giant cockroaches
  8 goblins
  9 hobgoblins
  4 jackals (D:2)
  13 kobolds
  5 quokkas
  5 ball pythons
  A frilled lizard (D:3)
  3 gnoll skeletons (Ossuary)
  2 kobold skeletons (Ossuary)
  2 orc skeletons (Ossuary)
  A quokka zombie (D:4)
  6 rats
  A rat zombie (D:4)
  10 spectral rats (Ossuary)
151 creatures vanquished.

Notes
Turn   | Place    | Note
-------+----------+-------------------------------------------
     0 | D:1      | Minsecho the Oni Gladiator began the quest for the Orb.
     0 | D:1      | Reached XP level 1. HP: 22/22 MP: 1/1
   284 | D:1      | Reached XP level 2. HP: 23/29 MP: 2/2
   789 | D:1      | Found a faded altar of an unknown god.
   915 | D:2      | Reached skill level 1 in Invocations
   915 | D:2      | Reached XP level 3. HP: 34/36 MP: 3/3
  1578 | D:3      | Reached XP level 4. HP: 45/45 MP: 5/5
  1992 | D:3      | Found Caapny's General Store.
  2005 | D:3      | Bought a scroll of identify for 24 gold pieces
  2005 | D:3      | Bought a potion of might for 48 gold pieces
  2146 | D:3      | Found the +7 Throatcutter {drain, coup de grace}
  2146 | D:3      | Noticed a kobold brigand
  2146 | D:3      | Noticed a kobold brigand
  2159 | D:3      | Killed a kobold brigand
  2160 | D:3      | Reached XP level 5. HP: 44/54 MP: 6/6
  2166 | D:3      | Killed a kobold brigand
  2168 | D:3      | Reached XP level 6. HP: 30/62 MP: 7/7
  2723 | D:4      | Reached skill level 1 in Long Blades
  2739 | D:4      | Reached skill level 5 in Fighting
  2767 | D:4      | Identified the +0 plate armour of the Orb {rF+ rN+ Int+2}
  2986 | D:4      | Found a sand-covered staircase.
  2994 | Ossuary  | Entered an ossuary
  3015 | Ossuary  | Reached skill level 1 in Shields
  3094 | Ossuary  | Reached XP level 7. HP: 72/72 MP: 9/9
  3875 | D:5      | Entered Level 5 of the Dungeon
  3941 | D:5      | Noticed Duvessa
  3943 | D:5      | Noticed Dowan
  3950 | D:5      | Killed Duvessa
  3955 | D:5      | Reached XP level 8. HP: 51/83 MP: 10/10
  3959 | D:5      | Killed Dowan
  4100 | D:5      | Noticed a wraith
  4109 | D:5      | Killed a wraith
  4239 | D:5      | Noticed Prince Ribbit
  4244 | D:5      | Killed Prince Ribbit
  4245 | D:5      | Reached skill level 5 in Long Blades
  4468 | D:6      | Found Poklus's General Store.
  4477 | D:6      | Bought a potion of berserk rage for 55 gold pieces
  4590 | D:6      | Identified the +9 dagger of Insufficient Pleasure {freeze,
                  | +Blink rElec Int+4}
  4608 | D:6      | Noticed Sigmund
  4618 | D:6      | Killed Sigmund
  4657 | D:6      | Noticed Blork the orc
  4663 | D:6      | Killed Blork the orc
  4664 | D:6      | Reached XP level 9. HP: 91/92 MP: 12/12
  4694 | D:6      | Reached skill level 1 in Shapeshifting
  4721 | D:6      | Slain by a wight

Illustrated notes

Levels and vault maps discovered:
D:1:      co_arrival_random_square_maze, layout_basic,
          dreamdust_ecumenical_altar_hidden_monk_grotto,
          minmay_misc_feat_plants, chequers_serial_rivers_room_a,
          serial_bayou_pond_d, minmay_strange_pillars
D:2:      layout_loops_ring, dk_noncrumbling_2
D:3:      cheibrodos_greedy_goblins, layout_basic, serial_shops, shop,
          dilly_guarded_unrand_throatcut
D:4:      layout_basic, enter_ossuary_4
D:5:      layout_basic, uniq_duvessa, uniq_prince_ribbit1
D:6:      minmay_recursive_quarters, layout_gridville,
          minmay_temple_entry_statues_fountains, serial_shops,
          nicolae_shop_advertising_works [nicolae_subvault_shop_adworks],
          serial_park_tiny_pond, uniq_sigmund, uniq_blork_the_orc

Skill      XL: |  1  2  3  4  5  6  7  8  9 |
---------------+----------------------------+-----
Invocations    | 1 2 3 4 |  4.9
Fighting       | 3 4 5 6 |  6.6
Dodging        | 3 4 |  4.2
Maces & Flails | 4 |  4.7
Long Blades    | 1 3 6 |  6.4
Shields        | 1 2 3 |  3.0
Shapeshifting  | 1 |  1.7
Throwing       | |  2.4

Action                     |  1- 3 |  4- 6 |  7- 9 || total
---------------------------+-------+-------+-------++-------
  Melee: Flail             |    90 |    51 |       ||   141
         Headbutt          |    15 |    14 |    17 ||    46
         Long sword        |       |    57 |   124 ||   181
  Throw: Throwing net      |       |     3 |     3 ||     6
         Large rock        |       |     1 |       ||     1
    Use: Scroll            |       |     6 |     3 ||     9
         Potion            |       |     2 |     2 ||     4
   Stab: Sleeping          |       |     1 |       ||     1
 Armour: Robe              |    64 |    66 |    77 ||   207
  Dodge: Dodged            |    58 |    43 |    48 ||   149
  Block: Kite shield       |       |    10 |    45 ||    55
   Form: Beast             |       |       |     1 ||     1
